 Dungeon Crawl Stone Soup version 0.30-a0-6-g7c9e10e132 (webtiles) character file.

Game seed: 7333975613834262812

4060 Zeldest the Blocker (level 10, -9/78 (80) HPs)
             Began as a Formicid Fighter on Aug 22, 2022.
             Was a Follower of Okawaru.
             Killed by the air
             ... invoked by Gastronok
              (38 damage)
             ... on level 8 of the Dungeon.
             The game lasted 00:08:32 (8377 turns).

Zeldest the Blocker (Formicid Fighter)              Turns: 8377, Time: 00:08:32

HP:   -9/78 (80)    AC: 18    Str: 25    XL:     10   Next: 49%
MP:   11/11         EV:  9    Int:  8    God:    Okawaru [*.....]
Gold: 231           SH:  7    Dex: 17    Spells: 9/9 levels left

rFire   + . .      SeeInvis +    a - +0 war axe
rCold   + . .      Faith    .    c - +0 buckler
rNeg    + . .      Spirit   .    D - +6 scale mail of Midsummer {rN+ Dex+4 Slay+2}
rPois   .          Reflect  .    (helmet unavailable)
rElec   .          Harm     .    F - scarf {rC+ rF+}
rCorr   .          Rampage  .    (no gloves)
Will    +....                    (no boots)
Stlth   ..........               (no amulet)
HPRegen 0.23/turn                n - +4 ring of slaying
MPRegen 0.12/turn                m - +4 ring of protection

@: lightly drained
A: permanent stasis, dig shafts and tunnels, antennae 3, four strong arms
a: Dig, Shaft Self, Renounce Religion, Heroism


You were on level 8 of the Dungeon.
You worshipped Okawaru.
Okawaru was aware of your devotion.
You visited 2 branches of the dungeon, and saw 9 of its levels.
You also visited: Ossuary.

You collected 525 gold pieces.
You spent 294 gold pieces at shops.

Inventory:

Hand Weapons
 a - a +0 war axe (weapon)
Missiles
 o - a throwing net
Armour
 c - a +0 buckler (worn)
 D - the +6 scale mail of Midsummer (worn) {rN+ Dex+4 Slay+2}
   (You bought it in a shop on level 5 of the Dungeon)

   Dex:       It affects your dexterity (+4).
   Slay:      It affects your accuracy & damage with ranged weapons and melee
   (+2).
   rN:        It protects you from negative energy.
 F - a scarf of resistance (worn)
Jewellery
 m - a +4 ring of protection (right hand)
 n - a +4 ring of slaying (left hand)
 t - a +4 ring of protection
 A - a ring of fire
 I - a ring of protection from cold
Wands
 B - a wand of charming (5)
 G - a wand of acid (9)
Scrolls
 b - 3 scrolls of immolation
 d - a scroll of identify
 e - a scroll of poison
 f - a scroll of magic mapping
 g - 5 scrolls of teleportation {unknown}
 i - 2 scrolls of enchant armour {unknown}
 j - 2 scrolls of amnesia {unknown}
 s - 4 scrolls of enchant weapon {unknown}
 u - 3 scrolls of blinking {unknown}
 w - 2 scrolls of vulnerability {unknown}
 y - a scroll of brand weapon {unknown}
 E - a scroll of butterflies {unknown}
 H - a scroll of acquirement {unknown}
 J - a scroll of fear {unknown}
Potions
 h - a potion of magic
 k - 4 potions of attraction
 l - 6 potions of curing
 p - 3 potions of lignification
 q - 3 potions of heal wounds
 r - 2 potions of resistance
 v - 2 potions of cancellation
 x - 2 potions of degeneration {unknown}
 z - 2 potions of berserk rage {unknown}
 C - 2 potions of brilliance {unknown}


   Skills:
 + Level 7.8 Fighting
 * Level 9.3 Axes
 + Level 7.7 Armour
 + Level 9.4 Shields
 + Level 2.6 Invocations


You had 9 spell levels left.
You didn't know any spells.
Your spell library contained the following spells:

 Spells                   Type           Power      Damage    Failure   Level
 Magic Dart               Conj           0%         1d3       73%         1
 Searing Ray              Conj           0%         2d4       86%         2
 Confusing Touch          Hex            0%         N/A       97%         3
 Ozocubu's Armour         Ice            0%         N/A       97%         3
 Fulminant Prism          Conj/Hex       0%         3d6       100%        4
 Manifold Assault         Tloc           0%         N/A       100%        5
 Metabolic Englaciation   Hex/Ice        0%         N/A       100%        5
 Yara's Violent Unravell  Hex/Tmut       0%         3d3       100%        5
 Enfeeble                 Hex            0%         N/A       100%        7
 Storm Form               Tmut/Air       0%         N/A       100%        7
 Blink                    Tloc           Unusable   N/A       N/A         2
 Simulacrum               Ice/Necr       Unusable   N/A       N/A         6

Dungeon Overview and Level Annotations

Branches:
Dungeon (8/15)             Temple (1/1) D:7         Ossuary (visited)
   Lair: D:8-11

Altars:
Ashenzari
Cheibriados
Dithmenos
Elyvilon
Fedhas
Gozag
Hepliaklqana
Kikubaaqudgha
Makhleb
Nemelex Xobeh
Okawaru
Qazlal
Ru
Sif Muna
Trog
Uskayaw
Vehumet
Wu Jian
Xom
Yredelemnul
Zin
The Shining One

Shops:
D:2 [![   D:4 :   D:5 [

Annotations:
D:8 Gastronok


Innate Abilities, Weirdness & Mutations

You cannot be hasted, slowed, berserked, paralysed or teleported.
You can dig through walls and to a lower floor.
You have a pair of large antennae on your head. (SInv)
Your four strong arms can wield two-handed weapons with a shield.


Message History

The wight is almost destroyed.
The wight hits you with a +0 halberd!
You hit the wight.
You destroy the wight!
Okawaru accepts your kill.
Items here: ( )) [[.
You start resting.
HP restored.
Things that are here:
a +4 dire flail of freezing; a +0 robe
Items here: ( )) [[.
g - 5 scrolls labelled ITOIKUTEFA (gained 1)
You now have 231 gold pieces (gained 17).
Things that are here:
a +2 halberd of freezing; a +0 robe Gastronok the Ponderous comes into view.
He is wearing a +1 hat of stealth.
Gastronok gurgles horribly!
Gastronok looks at you and mumbles some strange words.
Your stasis prevents you from being slowed.
Okay, then.
As you read the scroll of identify, it crumbles to dust.
k - 4 potions of attraction
As you read the scroll of identify, it crumbles to dust.
q - 3 potions of heal wounds Gastronok waves his eye-stalks in wide circles.
The air twists around and strikes you!!
Things that are here:
a +2 halberd of freezing; a +0 robe
There is an open door here.
Gastronok waves his eye-stalks in wide circles.
The air twists around and strikes you!
Gastronok chants a spell, wobbling all the while.
Gastronok puts on a burst of speed!
There is an open door here.
Gastronok waves his eye-stalks in wide circles.
The air twists around and strikes you!
You close the door.
Gastronok waves his eye-stalks in wide circles.
The air twists around and strikes you!!!
You die...

.#................# ....
.'................#w....
.#..############+##.....
.#..#..................#
.#..#..................#
.#..'..................#
.#..#..................#
.#..#.....(.............
.####.........##@######.
....).........#....#..#....
....))))......#....#..#....#
.....#'###....#...##..#....#
.....#...#....#<..##..#....#
.....#...#....#.......#....#####
.#+###...')...#.......#....#...#
. #....#))..'.......#....#...#
#....#))..#######'#....'...#


You could see Gastronok (swift).

Vanquished Creatures
  Maggie (D:7)
  Prince Ribbit (D:7)
  A wyvern (D:7)
  Menkaure (D:6)
  2 water moccasins
  3 orc warriors
  An ogre (D:5)
  A sky beast (D:6)
  2 ice beasts
  2 black bears
  A centaur (D:8)
  A phantom (D:6)
  3 kobold brigands
  2 elf zombies (Ossuary)
  Blork the orc (D:4)
  A bullfrog (D:7)
  2 scorpions
  A necrophage (D:6)
  4 wights (D:8)
  4 howler monkeys
  A human zombie (Ossuary)
  4 orc priests
  4 hounds
  A jelly (D:6)
  2 gnoll boudas
  5 iguanas
  7 orc wizards
  A hound zombie (Ossuary)
  4 mummies (Ossuary)
  14 gnolls
  12 adders
  A shadow imp (D:7)
  An ufetubus (D:5)
  An adder zombie (Ossuary)
  2 worms (D:4)
  3 dart slugs
  25 orcs
  4 endoplasms
  3 giant cockroaches
  9 hobgoblins
  6 quokkas
  7 ball pythons
  3 bats (D:1)
  4 frilled lizards
  4 goblins
  A goblin zombie (Ossuary)
  A hobgoblin zombie (Ossuary)
  A jackal zombie (Ossuary)
  20 kobolds
  3 orc zombies (Ossuary)
  5 rats
  A rat zombie (Ossuary)
195 creatures vanquished.

Vanquished Creatures (others)
  2 plants (D:1)
2 creatures vanquished.

Grand Total: 197 creatures vanquished

Notes
Turn   | Place    | Note
-------+----------+-------------------------------------------
     0 | D:1      | Zeldest the Formicid Fighter began the quest for the Orb.
     0 | D:1      | Reached XP level 1. HP: 18/18 MP: 1/1
   197 | D:1      | Reached XP level 2. HP: 24/24 MP: 2/2
  1265 | D:2      | Reached XP level 3. HP: 29/29 MP: 3/3
  1378 | D:2      | Reached XP level 4. HP: 33/37 MP: 4/4
  1378 | D:2      | Found Taferr's Antique Armour Shoppe.
  1854 | D:2      | Found Leen's Armour Shop.
  1912 | D:2      | Found Teuplede's Distillery.
  1916 | D:2      | Bought a potion of curing for 42 gold pieces
  2232 | D:3      | Found a radiant altar of Vehumet.
  2241 | D:3      | Found a bloodstained altar of Trog.
  2288 | D:3      | Found a sparkling altar of Nemelex Xobeh.
  2288 | D:3      | Found a white marble altar of Elyvilon.
  2295 | D:3      | Found a burning altar of Makhleb.
  2303 | D:3      | Reached XP level 5. HP: 42/42 MP: 5/5
  2313 | D:3      | Reached skill level 5 in Shields
  2328 | D:3      | Reached XP level 6. HP: 16/48 MP: 6/6
  2687 | D:3      | Found a faded altar of an unknown god.
  3024 | D:4      | Found Otumots's Vocational Training.
  3413 | D:4      | Found a sand-covered staircase.
  3422 | Ossuary  | Entered an ossuary
  3433 | Ossuary  | Reached XP level 7. HP: 52/55 MP: 7/7
  3447 | Ossuary  | Reached skill level 5 in Axes
  3719 | D:4      | Reached skill level 5 in Fighting
  3719 | D:4      | Reached skill level 5 in Armour
  4063 | D:5      | Entered Level 5 of the Dungeon
  4117 | D:5      | Reached XP level 8. HP: 62/62 MP: 8/8
  4656 | D:5      | Found Eclytz's Antique Armour Shop.
  4667 | D:5      | Noticed Blork the orc
  4673 | D:5      | Bought a glimmering scale mail for 252 gold pieces
  4673 | D:5      | Identified the +6 scale mail of Midsummer {rN+ Dex+4
                  | Slay+2} (You bought it in a shop on level 5 of the Dungeon)
  4722 | D:4      | Killed Blork the orc
  5184 | D:6      | Reached XP level 9. HP: 69/69 MP: 9/9
  5765 | D:6      | Noticed Menkaure
  5904 | D:6      | Killed Menkaure
  6169 | D:7      | Noticed Prince Ribbit
  6207 | D:7      | Killed Prince Ribbit
  6375 | D:7      | Noticed Maggie
  6396 | D:7      | Killed Maggie
  6397 | D:7      | Reached XP level 10. HP: 25/79 MP: 10/10
  6664 | D:7      | Found a staircase to the Ecumenical Temple.
  6833 | Temple   | Entered the Ecumenical Temple
  6924 | Temple   | Became a worshipper of Warmaster Okawaru
  6956 | D:7      | Found a broken altar of Ashenzari.
  7250 | D:7      | Reached skill level 1 in Invocations
  8219 | D:8      | Reached * piety under Okawaru
  8354 | D:8      | Noticed Gastronok
  8377 | D:8      | Killed from afar by Gastronok

Illustrated notes

Levels and vault maps discovered:
D:1:      amcnicky_arrival_gap_in_the_tavern_cellar, layout_loops_corners,
          serial_forest, infiniplex_forest_lined_ring,
          infiniplex_forest_clump_double, infiniplex_forest_lined_3,
          infiniplex_forest_join, infiniplex_forest_clump_long, nrook_campfire,
          st_stairs_9, minmay_crystal_water, chequers_serial_rivers_room_b,
          dreamdust_princess_bridge, amcnicky_mini_rare_corridor_liquid
D:2:      layout_rooms, serial_shops, shop, shop, nicolae_lakefront_shop,
          minmay_circle_x
D:3:      layout_loops_ring, nicolae_overflow_hallway_of_the_gods,
          portal_sewer_entry_d, hellmonk_ecumenical_altar_blasted
D:4:      layout_loops_cross, enter_ossuary_1, nicolae_shop_vocational
D:5:      layout_gridville, serial_shops, kennysheep_mini_moat,
          uniq_blork_the_orc
D:6:      lemuel_ice_spiral_2, layout_basic, uniq_menkaure
D:7:      layout_cave_pods, lemuel_round_altar, minmay_temple_entry_slanted,
          uniq_prince_ribbit1, uniq_maggie
D:8:      layout_gridville, kennysheep_generic_room_4, uniq_gastronok,
          uniq_pikel
Temple:   nicolae_temple_superstar

Skill      XL: |  1  2  3  4  5  6  7  8  9 10 |
---------------+-------------------------------+-----
Axes           | 3 4 5 6 8 9 |  9.3
Fighting       | 4 5 6 7 |  7.8
Armour         | 4 5 6 7 |  7.7
Shields        | 5 6 7 8 9 |  9.4
Invocations    | 2 |  2.6

Action                   |  1- 3 |  4- 6 |  7- 9 | 10-12 || total
-------------------------+-------+-------+-------+-------++-------
Melee: War axe           |    94 |   135 |   231 |    87 ||   547
 Abil: Dig               |       |       |       |     1 ||     1
  Use: Scroll            |       |     2 |     5 |     2 ||     9
       Potion            |       |       |     3 |       ||     3
Armor: Scale mail        |    53 |    16 |    59 |    46 ||   174
       Plate armour      |       |    86 |    89 |       ||   175
       Skin              |       |       |     3 |       ||     3
Dodge: Dodged            |    54 |    60 |   100 |    36 ||   250
Block: Buckler           |    21 |    52 |    72 |    49 ||   194

Table legend: (Time is in decaauts)
 A = Elapsed time spent in this place.
 B = Non-inter-level travel time spent in this place.
 C = Inter-level travel time spent in this place.
 D = Time resting spent in this place.
 E = Time spent auto-exploring this place.
 F = Levels seen in this place.
 G = Mean time per level.
                   A        B        C        D        E       F      G
               +--------+--------+--------+--------+--------+-----+--------+
         Total |   8528 |   8210 |    318 |   2384 |   4330 |  10 |  852.8 |
       Dungeon |   8186 |   7887 |    299 |   2344 |   4157 |   8 | 1023.2 |
        Temple |    109 |     91 |     18 |      0 |     73 |   1 |  109.0 |
       Ossuary |    232 |    232 |      0 |     40 |    100 |   1 |  232.0 |
               +--------+--------+--------+--------+--------+-----+--------+

Top non-repeatable levels by time:
     D:7: 1608 daAuts
     D:1: 1281 daAuts
     D:5: 1008 daAuts
     D:3: 965 daAuts
     D:6: 926 daAuts
     D:4: 860 daAuts
     D:2: 858 daAuts
     D:8: 677 daAuts
 Ossuary: 232 daAuts
  Temple: 109 daAuts
